 Dungeon Crawl Stone Soup version 0.29.1-12-g30fa7ad0bf (webtiles) character file.

Game seed: 12226476484098575633

158 wormed the Ruffian (level 5, -2/49 HPs)
             Began as a Troll Gladiator on Dec 23, 2022.
             Slain by a gnoll
             ... wielding a +0 club
              (6 damage)
             ... on level 3 of the Dungeon.
             The game lasted 00:01:39 (1854 turns).

wormed the Ruffian (Troll Gladiator)                Turns: 1854, Time: 00:01:39

Health: -2/49      AC:  4    Str: 24    XL:     5   Next: 16%
Magic:  4/4        EV: 10    Int:  4    God:
Gold:   96         SH:  0    Dex: 11    Spells: 4/4 levels left

rFire   . . .      SeeInvis .     - Unarmed
rCold   . . .      Faith    .   (no shield)
rNeg    . . .      Spirit   .   a - +0 robe
rPois   .          Reflect  .   b - +0 hat
rElec   .          Harm     .   (no cloak)
rCorr   .          Rampage  .   (gloves unavailable)
Will    .....                   (boots unavailable)
Stlth   +.........              (no amulet)
HPRegen 0.96/turn               (no ring)
MPRegen 0.09/turn               (no ring)

@: no status effects
A: large, unfitting armour, claws 3, regeneration 1, shaggy fur 1, tough skin 1
a: no special abilities


You were on level 3 of the Dungeon.
You visited 1 branch of the dungeon, and saw 3 of its levels.

You collected 96 gold pieces.

Inventory:

Missiles
 c - 3 throwing nets
 d - a large rock (quivered)
 l - 3 silver javelins
Armour
 a - a +0 robe (worn)
 b - a +0 hat (worn)
Scrolls
 g - 2 scrolls of fear {unknown}
 k - 7 scrolls of blinking {unknown}
 m - a scroll of magic mapping {unknown}
Potions
 e - 2 potions of ambrosia {unknown}
 f - a potion of might
 h - a potion of degeneration {unknown}
 i - a potion of curing {unknown}
 j - a potion of brilliance {unknown}


   Skills:
 + Level 2.3 Fighting
 + Level 2.4 Throwing
 + Level 1.3 Armour
 + Level 3.0 Dodging
 * Level 4.2 Unarmed Combat


You had 4 spell levels left.
You didn't know any spells.
Your spell library contained the following spells:

 Spells                   Type           Power      Damage    Failure   Level
 Summon Lightning Spire   Summ/Air       0%         N/A       99%         4
 Storm Form               Tmut/Air       0%         N/A       100%        7
 Maxwell's Capacitive Co  Air            0%         ∞         100%        8


Dungeon Overview and Level Annotations

Branches:
Dungeon (3/15)

Altars:
Ashenzari
Cheibriados
Trog
Zin


Innate Abilities, Weirdness & Mutations

You are too large for most types of armour.
You have claws for hands.
Your natural rate of healing is unusually fast.
You are covered in fur. (AC +1)
You have tough skin. (AC +1)


Message History

The gnoll barely misses you.
You scratch the gnoll but do no damage.
The gnoll hits you from afar with a +0 halberd!
The gnoll closely misses you.
You are too injured to fight recklessly!
You are too injured to fight recklessly!
You are too injured to fight recklessly!
You are too injured to fight recklessly!
You are too injured to fight recklessly!
You are too injured to fight recklessly!
You are too injured to fight recklessly!
You are too injured to fight recklessly!
You are too injured to fight recklessly!
You are too injured to fight recklessly!
You are too injured to fight recklessly!
You are too injured to fight recklessly!
You are too injured to fight recklessly!
You are too injured to fight recklessly!
You are too injured to fight recklessly!
You are too injured to fight recklessly!
You are too injured to fight recklessly!
You are too injured to fight recklessly!
You are too injured to fight recklessly!
You are too injured to fight recklessly!
You scratch the gnoll.
The gnoll is moderately wounded.
The gnoll hits you from afar with a +0 halberd!
* * * LOW HITPOINT WARNING * * *
The gnoll hits you but does no damage.
You barely miss the gnoll.
The gnoll is moderately wounded.
The gnoll barely misses you. The gnoll completely misses you.
The gnoll attacks as you move away! The gnoll hits you with a +0 club!
* * * LOW HITPOINT WARNING * * *
The gnoll attacks as you move away! The gnoll hits you with a +0 club.
* * * LOW HITPOINT WARNING * * *
The gnoll attacks as you move away! The gnoll hits you with a +0 club.
* * * LOW HITPOINT WARNING * * *
The gnoll attacks as you move away! The gnoll hits you with a +0 club.
You die...

....♣ ...♣♣ .♣♣♣♣♣♣ .~~.P~~~
..~~~~~~ .~~♣♣♣.~ .♣♣♣ ~ ♣♣
..# .# ♣♣~
♣.##############..# .# ♣.~
♣..g.g@....#.....# .##
♣~♣♣♣...##...<.......#
.##..♣♣.~♣....##...........##
.##...........##......>......
#...........##...........#
#......)....##...........#
#...........######.......#
#........?..# #.#######
############# #.#


You could see 2 gnolls.

Vanquished Creatures
  Terence (D:3)
  Natasha (twice) (D:2)
  A gnoll (D:3)
  3 adders (D:2)
  A worm (D:2)
  A dart slug (D:1)
  2 endoplasms
  5 goblins
  3 hobgoblins
  2 jackals (D:1)
  4 ball pythons
  7 bats
  2 frilled lizards
  5 kobolds
  12 rats
51 creatures vanquished.

Notes
Turn   | Place    | Note
-------+----------+-------------------------------------------
     0 | D:1      | wormed the Troll Gladiator began the quest for the Orb.
     0 | D:1      | Reached XP level 1. HP: 19/19 MP: 0/0
   238 | D:1      | Reached XP level 2. HP: 28/28 MP: 1/1
  1146 | D:2      | Reached XP level 3. HP: 35/35 MP: 2/2
  1424 | D:2      | Noticed Natasha
  1431 | D:2      | Killed Natasha
  1432 | D:2      | Reached skill level 1 in Armour
  1432 | D:2      | Reached XP level 4. HP: 33/42 MP: 3/3
  1567 | D:2      | Found a faded altar of an unknown god.
  1582 | D:2      | Noticed Natasha
  1588 | D:2      | Killed Natasha
  1589 | D:2      | Reached skill level 4 in Unarmed Combat
  1689 | D:3      | Noticed Terence
  1695 | D:3      | Killed Terence
  1696 | D:3      | Reached XP level 5. HP: 49/49 MP: 4/4
  1775 | D:3      | Found a snail-covered altar of Cheibriados.
  1776 | D:3      | Found a bloodstained altar of Trog.
  1785 | D:3      | Found a glowing silver altar of Zin.
  1785 | D:3      | Found a broken altar of Ashenzari.
  1852 | D:3      | HP: 2/49 [gnoll/+0 club (2)]
  1854 | D:3      | Slain by a gnoll

Illustrated notes

Levels and vault maps discovered:
D:1:      dpeg_arrival_round_c, layout_basic, serial_corexii_hall,
          corexii_hall_statues_i, chequers_hall_statues_corner_a,
          corexii_item_surrounded_by_moat
D:2:      layout_basic, shapermc_ecumenical_altar_petra, uniq_natasha
D:3:      layout_basic, mainiacjoe_overflow_alcove_3, serial_bayou_crossing,
          uniq_terence

Skill      XL: |  1  2  3  4 |
---------------+-------------+-----
Throwing       | 2 |  2.4
Fighting       | 2 |  2.3
Armour         | 1 |  1.3
Unarmed Combat | 4 |  4.2
Dodging        | 3 |  3.0

Action                   |  1- 3 |  4- 6 || total
-------------------------+-------+-------++-------
Melee: Unarmed           |    83 |    71 ||   154
       Punch             |       |     1 ||     1
 Stab: Sleeping          |     1 |       ||     1
Armor: Robe              |    33 |    22 ||    55
Dodge: Dodged            |    43 |    35 ||    78
